 Dungeon Crawl Stone Soup version 0.28.0 (webtiles) character file.

Game seed: 10829205076416490668

1822 belegose the Grave Robber (level 8, -11/60 HPs)
             Began as a Demonspawn Wanderer on Feb 10, 2022.
             Mangled by a kobold brigand (19 damage)
             ... on level 5 of the Dungeon.
             The game lasted 00:25:05 (8166 turns).

belegose the Grave Robber (Demonspawn Wanderer)     Turns: 8166, Time: 00:25:05

Health: -11/60     AC:  6    Str: 15    XL:     8   Next: 85%
Magic:  13/13      EV: 13    Int: 20    God:
Gold:   261        SH:  0    Dex: 15    Spells: 10/14 levels left

rFire   . . .      SeeInvis .   a - +2 short sword
rCold   . . .      Faith    .   (no shield)
rNeg    . . .      Spirit   .   C - +1 robe "Hataas" {Rampage Regen+ Dex+5}
rPois   .          Reflect  .   (helmet restricted)
rElec   .          Harm     .   p - +2 cloak
rCorr   .          Rampage  +   (no gloves)
Will    .....                   (no boots)
Stlth   +++.......              k - amulet of magic regeneration
HPRegen 1.00/turn               (no ring)
MPRegen 0.53/turn               (no ring)

@: lethally poisoned (-11 -> -19), slowed, very slow
A: horns 2, big brain 2
a: no special abilities


You were on level 5 of the Dungeon.
You visited 1 branch of the dungeon, and saw 6 of its levels.
You also visited: Sewer.

You collected 261 gold pieces.

Inventory:

Hand Weapons
 a - a +2 short sword (weapon)
 c - a +0 dagger
 i - a +0 falchion
 K - a +2 flail of draining
 L - the +5 falchion of Gamuetos {vorpal, *Slow rElec rN+ Int+3}
   (You found it on level 6 of the Dungeon)

   It inflicts extra damage upon your enemies.
   Int:       It affects your intelligence (+3).
   rElec:     It insulates you from electricity.
   rN:        It protects you from negative energy.
   *Slow:     It may slow you when you take damage.
Missiles
 b - 12 boomerangs
 e - 9 poisoned darts (quivered)
 j - 99 stones
 l - 3 throwing nets
 t - 14 bolts
 u - a curare-tipped dart
Armour
 p - a +2 cloak (worn)
 C - the +1 robe "Hataas" (worn) {Rampage Regen+ Dex+5}
   (You took it off a gnoll on level 3 of the Dungeon)

   Dex:       It affects your dexterity (+5).
   Regen:     It increases your rate of health regeneration.
   Rampage:   It bestows one free step when moving towards enemies.
Jewellery
 f - an amulet of guardian spirit
 k - an amulet of magic regeneration (around neck)
Wands
 E - a wand of flame (16)
 J - a wand of polymorph (12)
Scrolls
 d - 3 scrolls of teleportation {unknown}
 h - a scroll of silence {unknown}
 m - 2 scrolls of vulnerability {unknown}
 n - 6 scrolls of identify {unknown}
 w - a scroll of magic mapping {unknown}
 x - a scroll of fear {unknown}
 y - a scroll of fog {unknown}
 B - 3 scrolls of noise {unknown}
 I - a scroll of amnesia {unknown}
Potions
 g - 2 potions of lignification
 o - 2 potions of haste
 r - a potion of magic
 s - a potion of brilliance {unknown}
 v - a potion of heal wounds {unknown}
 z - 3 potions of curing
 A - a potion of mutation {unknown}
 D - a potion of attraction {unknown}
 F - a potion of ambrosia {unknown}


   Skills:
 - Level 4.1 Fighting
 - Level 4.5 Short Blades
 - Level 4.3 Throwing
 - Level 2.0 Armour
 + Level 3.4 Dodging
 + Level 3.9 Stealth
 - Level 3.5 Spellcasting
 + Level 5.2 Necromancy
 + Level 3.4 Transmutations


You had 10 spell levels left.
You knew the following spells:

 Your Spells              Type           Power      Damage    Failure   Level
a - Beastly Appendage     Tmut           34%        N/A       3%          1
b - Animate Skeleton      Necr           48%        N/A       1%          1
c - Blink                 Tloc           6%         N/A       21%         2

Your spell library contained the following spells:

 Spells                   Type           Power      Damage    Failure   Level
 Apportation              Tloc           6%         N/A       14%         1
 Summon Small Mammal      Summ           12%        N/A       14%         1
 Ignite Poison            Fire/Tmut/Pois 8%         N/A       26%         3
 Fulminant Prism          Conj/Hex       1%         3d6       80%         4
 Manifold Assault         Tloc           3%         N/A       98%         5
 Iron Shot                Conj/Erth      1%         9d1       100%        6


Dungeon Overview and Level Annotations

Branches:
Dungeon (6/15)              Sewer (visited)
 Temple: D:4-7

Altars:
Nemelex Xobeh
Vehumet
Lugonu

Shops:
D:3 (   D:6 *

Portals:
Abyss: D:5


Innate Abilities, Weirdness & Mutations

You have a pair of horns on your head.
You have an extremely huge brain. (Int +4)


Message History

You feel as though you will be slow longer.
Throw: 12 darts (poison)
Press: ? - help, Q - select action, (/) - cycle Shift-Dir - straight line, f/p - kobold brigand
Aim: a kobold brigand, wielding a +1 short sword of distortion and quivering curare-tipped darts (moderately wounded, very poisoned, 56% to hit)
You throw a poisoned dart.
The poisoned dart closely misses the kobold brigand.
You feel very sick.
Throw: 11 darts (poison)
Press: ? - help, Q - select action, (/) - cycle Shift-Dir - straight line, f/p - kobold brigand
Aim: a kobold brigand, wielding a +1 short sword of distortion and quivering curare-tipped darts (moderately wounded, very poisoned, 56% to hit)
You throw a poisoned dart.
The poisoned dart hits the kobold brigand.
The kobold brigand looks as sick as possible!
The kobold brigand is moderately wounded.
You feel very sick.
The kobold brigand throws a curare-tipped dart.
The curare-tipped dart hits you.
You are more poisoned.
You have difficulty breathing.
You feel as though you will be slow longer.
Throw: 10 darts (poison)
Press: ? - help, Q - select action, (/) - cycle Shift-Dir - straight line, f/p - kobold brigand
Aim: a kobold brigand, wielding a +1 short sword of distortion and quivering curare-tipped darts (moderately wounded, extremely poisoned, 56% to hit)
You throw a poisoned dart.
The poisoned dart hits the kobold brigand!
The kobold brigand looks as sick as possible!
The kobold brigand is moderately wounded.
You feel very sick.
You feel very sick.
The kobold brigand throws a curare-tipped dart.
The curare-tipped dart hits you.
You are more poisoned.
You have difficulty breathing.
You feel as though you will be slow longer.
* * * LOW HITPOINT WARNING * * *
You feel extremely sick.
The kobold brigand hits you with a +1 short sword of distortion!
* * * LOW HITPOINT WARNING * * *
Space warps horribly around you!!
You die...

######.# #.##.#
#..#.#.§§§§
#.#####.##.#
#..##...§.§
#..........#
#..##..§§§.
############.####
##.##...§§.
#............#
#.####§§##
##.##################
#.# #§§# ...#
#......####.####..#
####
#.####.#..........#
#.#@K.......#..####
#..........##..#####
#......(............
##....##(.#.#.......
###.###.<.....####.
#.# ##......####. #.#
###.##.##... #)#
#......##.## #.#
#......##>##


You could see a kobold brigand (extremely poisoned).

Vanquished Creatures
  A water moccasin (D:5)
  2 ogres (D:5)
  2 kobold brigands
  A bullfrog (D:6)
  3 scorpions
  A wyvern skeleton (D:5)
  2 water moccasin skeletons
  A howler monkey (D:6)
  2 bullfrog zombies
  4 hounds
  3 jellies
  A centaur zombie (D:3)
  A bullfrog skeleton (D:4)
  2 iguanas
  A scorpion zombie (D:5)
  Natasha (twice) (D:3)
  3 orc wizards
  A howler monkey zombie (D:6)
  13 gnolls
  11 adders
  2 river rats
  An ufetubus (D:4)
  10 worms
  7 dart slugs
  14 orcs
  18 endoplasms
  2 giant cockroaches
  4 goblins
  7 hobgoblins
  12 jackals
  4 quokkas
  13 ball pythons
  5 bats
  6 frilled lizards
  16 kobolds
  12 rats
190 creatures vanquished.

Vanquished Creatures (collateral kills)
  A ball python (D:3)
1 creature vanquished.

Vanquished Creatures (others)
  A plant (D:2)
1 creature vanquished.

Grand Total: 192 creatures vanquished

Notes
Turn   | Place    | Note
-------+----------+-------------------------------------------
     0 | D:1      | belegose the Demonspawn Wanderer began the quest for the
                  | Orb.
     0 | D:1      | belegose set off with the following items: a +2 short
                  | sword, 7 boomerangs, a +0 dagger, a +0 robe; and the
                  | following spell memorised: Beastly Appendage; and the
                  | following spells available to memorise: Ignite Poison
     0 | D:1      | Reached XP level 1. HP: 13/13 MP: 2/2
   114 | D:1      | Gained mutation: You have a pair of small horns on your
                  | head. [demonic ancestry]
   114 | D:1      | Reached XP level 2. HP: 20/20 MP: 3/3
   134 | D:1      | Reached skill level 1 in Fighting
   147 | D:1      | Reached skill level 1 in Stealth
   947 | D:2      | Reached XP level 3. HP: 26/26 MP: 4/4
   966 | D:2      | Reached skill level 1 in Armour
  1181 | D:2      | Found a sparkling altar of Nemelex Xobeh.
  1346 | D:2      | Gained mutation: You have an unusually large brain. (Int
                  | +2) [demonic ancestry]
  1346 | D:2      | Reached XP level 4. HP: 32/33 MP: 3/5
  1877 | D:2      | Found a faded altar of an unknown god.
  2225 | D:2      | Reached XP level 5. HP: 35/39 MP: 6/6
  2632 | D:2      | HP: 1/39 [poisoned by an adder]
  3108 | D:3      | Learned a level 1 spell: Animate Skeleton
  3528 | D:3      | Reached skill level 1 in Necromancy
  3754 | D:3      | Found Voecysch's Weapon Shoppe.
  3816 | D:3      | Gained mutation: You have an extremely huge brain. (Int +4)
                  | [demonic ancestry]
  3816 | D:3      | Reached XP level 6. HP: 39/47 MP: 5/8
  3995 | D:4      | Noticed Natasha
  4035 | D:3      | Killed Natasha
  4086 | D:4      | Reached skill level 2 in Necromancy
  4361 | D:3      | Noticed Natasha
  4372 | D:3      | Killed Natasha
  4453 | D:4      | Found a glowing drain.
  4459 | Sewer    | Entered a sewer
  4606 | Sewer    | Gained mutation: You have a pair of horns on your head.
                  | [demonic ancestry]
  4606 | Sewer    | Reached XP level 7. HP: 53/53 MP: 10/10
  5348 | D:4      | Identified the +1 robe "Hataas" {Rampage Regen+ Dex+5}
  5906 | D:4      | Reached skill level 3 in Necromancy
  6182 | D:5      | Entered Level 5 of the Dungeon
  6201 | D:5      | Reached skill level 1 in Dodging
  6424 | D:5      | Reached XP level 8. HP: 28/60 MP: 13/13
  6466 | D:5      | Got the Almanac of Dislocated Attacks
  6470 | D:5      | Learned a level 2 spell: Blink
  6503 | D:5      | Reached skill level 4 in Necromancy
  6536 | D:5      | Found a large runed translucent door.
  6536 | D:5      | Found a large runed translucent door.
  6538 | D:5      | Found a corrupted altar of Lugonu.
  7361 | D:6      | Identified the +5 falchion of Gamuetos {vorpal, *Slow rElec
                  | rN+ Int+3}
  7466 | D:5      | Found a radiant altar of Vehumet.
  7491 | D:5      | Reached skill level 5 in Necromancy
  7597 | D:5      | Found a one-way gate to the infinite horrors of the Abyss.
  7743 | D:6      | Found Curoh's Elemental Accessories.
  8166 | D:5      | Mangled by a kobold brigand

Illustrated notes

Levels and vault maps discovered:
D:1:      moated_graveyard_arrival, layout_basic, chequers_serial_rivers_micro_c
D:2:      minmay_evil_eye, layout_basic,
          shapermc_ecumenical_altar_mp_ritualfount, basic_altar
D:3:      layout_basic, serial_shops, nicolae_shop_behind_doors,
          minmay_starry_boxes
D:4:      minmay_wonky_spiral, layout_cave_pools, lightli_sewer_entry_pipes,
          uniq_natasha
D:5:      due_chaos_kobolds, layout_loops_cross, lemuel_crystal_altar,
          minmay_misc_feat_room
D:6:      layout_loops_cross, nicolae_elemental_shop

Skill      XL: |  1  2  3  4  5  6  7  8 |
---------------+-------------------------+-----
Throwing       | 2 3 4 |  4.3
Fighting       | 1 2 3 4 |  4.1
Stealth        | 1 2 3 |  3.9
Armour         | 1 2 |  2.0
Necromancy     | 1 2 3 5 |  5.2
Spellcasting   | 2 3 |  3.5
Dodging        | 1 3 |  3.4
Transmutations | 3 |  3.4
Short Blades   | |  4.5

Action                   |  1- 3 |  4- 6 |  7- 9 || total
-------------------------+-------+-------+-------++-------
Melee: Short sword       |    90 |   302 |   374 ||   766
       Headbutt          |     4 |    49 |    57 ||   110
       Punch             |       |     2 |     6 ||     8
Throw: Boomerang         |       |    16 |    13 ||    29
       Dart              |       |       |    29 ||    29
 Cast: Animate Skeleton  |       |     6 |       ||     6
       Beastly Appendage |       |     1 |       ||     1
Evoke: Wand              |       |       |     1 ||     1
  Use: Potion            |       |     1 |     7 ||     8
 Stab: Sleeping          |     1 |       |     4 ||     5
Armor: Robe              |     8 |       |    85 ||    93
       Ring mail         |    18 |    85 |    20 ||   123
       Skin              |       |       |     2 ||     2
Dodge: Dodged            |    36 |   146 |   159 ||   341
